Map: 큐리어스 마인즈 - 래더

Players

Maru - Winner!

  • Race: Terran Terran
  • League: Master

DPGZest (Zest)

  • Race: Protoss Protoss
  • League: Master

Event: DreamHack SC2 Masters Last Chance 2022

VOD

Have the link to the VOD?

Description

Time

  • Played on: Dec. 15, 2021, 5:50 a.m.
  • Length: 8:01

All games in this series

Show
View Real Time Build Order
Export as new Build Order

Maru Terran - Winner!

Build Orders:  

Get SALT Encoding   

  12  0:00  SCV  
  13  0:12  SCV  
  14  0:17  Supply Depot  
  14  0:24  SCV  
  15  0:38  SCV  
  15  0:41  Barracks  
  16  0:44  Refinery  
  16  0:50  SCV  
  16  0:53  Refinery  
  17  1:02  SCV  
  18  1:14  SCV  
  19  1:27  Reaper, Orbital Command  
  20  1:34  Supply Depot  
  20  1:46  Factory  
  20  1:51  Engineering Bay  
  20  1:55  SCV  
  20  2:08  SCV  
  21  2:17  Barracks Reactor  
  21  2:21  SCV  
  22  2:25  Command Center  
  22  2:33  Widow Mine, SCV  
  25  2:44  Starport  
  25  2:45  SCV  
  26  2:53  Marine  
  26  2:54  Marine  
  26  2:56  Factory Tech Lab  
  26  2:57  SCV  
  29  3:07  Supply Depot  
  29  3:09  SCV  
  29  3:11  Marine  
  31  3:28  Medivac, SCV, Marine  
  31  3:29  Widow Mine, Marine  
  38  3:36  Orbital Command  
  38  3:41  SCV  
  39  3:46  Marine  
  39  3:47  Marine  
  41  3:53  SCV  
  42  3:58  Orbital Command  
  42  4:01  Factory Tech Lab  
  42  4:05  SCV  
  42  4:06  Marine x2  
  42  4:07  Supply Depot  
  45  4:12  Raven  
  45  4:15  Supply Depot  
  47  4:17  SCV  
  47  4:20  Siege Tank  
  51  4:24  SCV  
  51  4:29  SCV  
  53  4:35  Barracks  
  53  4:40  SCV  
  54  4:51  SCV  
  54  4:52  SCV, Siege Tank  
  57  4:53  Engineering Bay  
  57  4:54  Refinery  
  55  5:00  Marine x2  
  55  5:03  SCV  
  55  5:04  SCV  
  59  5:07  Supply Depot, Bunker  
  59  5:12  Barracks  
  59  5:15  SCV  
  59  5:16  SCV  
  59  5:18  Marine x2  
  59  5:20  Terran Infantry Weapons Level 1  
  63  5:26  Siege Tank  
  63  5:28  SCV  
  66  5:31  Supply Depot  
  65  5:36  SCV  
  65  5:41  Supply Depot  
  65  5:42  Marine  
  66  5:44  Stimpack  
  66  5:46  SCV  
  66  5:48  SCV  
  69  5:56  Marine  
  71  5:57  Marauder  
  71  5:59  SCV  
  71  6:00  Supply Depot, Marine  
  71  6:03  Starport Reactor  
  73  6:07  Factory Reactor  
  73  6:08  Marauder, Combat Shield  
  73  6:09  Refinery  
  75  6:11  SCV  
  75  6:12  SCV  
  77  6:19  Marine x2  
  77  6:20  Marauder  
  77  6:23  SCV  
  82  6:25  SCV  
  82  6:30  Marauder  
  85  6:35  SCV  
  85  6:37  Marine x2  
  85  6:39  Medivac  
  90  6:40  Medivac  
  90  6:41  Marauder  
  90  6:44  Widow Mine  
  96  6:51  Marauder  
  96  6:52  Supply Depot  
  98  6:55  Marine x2  
  98  6:58  Widow Mine  
  102  7:03  Supply Depot  
  101  7:13  Marine x2  
  101  7:14  Marauder x2  
  107  7:16  Command Center  
  107  7:18  Viking  
  109  7:30  Marine  
  109  7:35  Marauder x2, Widow Mine  
  116  7:38  SCV  
  116  7:44  Supply Depot  
  117  7:49  Supply Depot  
Show
View Real Time Build Order
Export as new Build Order

DPGZest Protoss 

Build Orders: Blink Stalkers 

Get SALT Encoding   

  12  0:00  Probe  
  13  0:12  Probe  
  14  0:17  Pylon  
  14  0:24  Probe (Chrono Boost)  
  15  0:36  Probe (Chrono Boost)  
  15  0:37  Gateway  
  16  0:44  Probe (Chrono Boost)  
  16  0:46  Assimilator  
  17  0:51  Probe  
  18  1:03  Probe  
  19  1:14  Pylon  
  19  1:15  Probe  
  20  1:24  Cybernetics Core, Zealot  
  22  1:27  Probe  
  23  1:52  Probe  
  24  1:57  Stalker (Chrono Boost)  
  26  2:04  Probe  
  26  2:06  Shield Battery  
  26  2:10  Assimilator  
  26  2:17  Nexus  
  26  2:20  Adept (Chrono Boost)  
  26  2:26  Probe  
  29  2:38  Stargate  
  29  2:43  Warp Gate  
  29  2:44  Twilight Council  
  29  2:45  Probe  
  30  2:57  Probe  
  30  2:58  Pylon  
  31  3:14  Blink (Chrono Boost)  
  31  3:16  Probe  
  32  3:20  Gateway  
  32  3:28  Probe  
  32  3:31  Probe  
  34  3:40  Stalker, Probe  
  37  3:43  Probe  
  37  3:48  Robotics Facility  
  38  3:52  Probe  
  38  3:55  Probe  
  40  4:04  Probe  
  40  4:07  Probe  
  42  4:11  Pylon  
  42  4:16  Probe  
  43  4:19  Probe  
  44  4:28  Probe  
  45  4:31  Stalker x2, Probe  
  50  4:41  Probe  
  50  4:43  Probe  
  49  4:53  Observer, Probe  
  49  4:55  Probe  
  49  4:56  Assimilator  
  49  4:59  Stalker x2  
  56  5:01  Assimilator  
  56  5:05  Probe  
  57  5:07  Probe  
  57  5:10  Pylon  
  58  5:17  Robotics Bay, Probe  
  58  5:20  Probe, Pylon, Forge  
  60  5:29  Probe  
  60  5:32  Probe  
  62  5:37  Immortal (Chrono Boost)  
  62  5:42  Charge  
  66  5:51  Protoss Ground Weapons Level 1 (Chrono Boost)  
  66  5:58  Nexus  
  66  6:01  Pylon  
  66  6:07  Colossus (Chrono Boost)  
  72  6:12  Probe  
  72  6:13  Probe  
  72  6:14  Extended Thermal Lance  
  74  6:19  Gateway x2  
  74  6:35  Gateway  
  74  6:36  Pylon  
  72  6:47  Gateway x2  
  72  6:49  Colossus (Chrono Boost)  
  78  6:58  Zealot, Sentry  
  78  7:01  Gateway  
  82  7:19  Pylon  
  82  7:32  Zealot x5  
  98  7:38  Pylon  
  98  7:39  Pylon  
  98  7:47  Sentry x2  
  98  7:49  Shield Battery  

Tags
 
Add a new tag
Caveats
  • Supply blocks, unpowered buildings, or Contaminate may cause inaccurate times.
  • Supply counts are checked every 10 seconds.